 Dungeon Crawl Stone Soup version 0.29-a0-838-g385bb11a5b (webtiles) character file.

Game seed: 13548343153058436392

9 zeratav the Stinger (level 2, -1/17 HPs)
             Began as an Octopode Venom Mage on July 13, 2022.
             Slain by a quokka (4 damage)
             ... on level 1 of the Dungeon.
             The game lasted 00:00:30 (375 turns).

zeratav the Stinger (Octopode Venom Mage)            Turns: 375, Time: 00:00:31

Health: -1/17      AC:  1    Str:  7    XL:     2   Next: 12%
Magic:  5/5        EV: 13    Int: 17    God:
Gold:   26         SH:  0    Dex: 12    Spells: 4/5 levels left

rFire   . . .      SeeInvis +   g - +0 dagger {short}
rCold   . . .      Faith    .   (no shield)
rNeg    . . .      Spirit   .   (helmet restricted)
rPois   .          Reflect  .   (no amulet)
rElec   .          Harm     .   d - ring of see invisible
rCorr   .          Rampage  .   (no ring)
Will    .....                   (no ring)
Stlth   +++.......              (no ring)
HPRegen 0.05/turn               (no ring)
MPRegen 0.09/turn               (no ring)
                                (no ring)
                                (no ring)

@: no status effects
A: almost no armour, amphibious, 8 rings, camouflage 1, gelatinous body 1,
(nimble swimmer 1), tentacles
a: no special abilities


You were on level 1 of the Dungeon.
You visited 1 branch of the dungeon, and saw 1 of its levels.

You collected 26 gold pieces.


Innate Abilities, Weirdness & Mutations

You cannot wear most types of armour.
You are amphibious.
You can wear up to eight rings at the same time.
Your skin changes colour to match your surroundings (Stealth+).
Your rubbery body absorbs attacks. (AC +1, EV +1)
((You are camouflaged when in or above water. (Stealth+)))
You have tentacles for arms and can constrict up to eight enemies at once.


   Skills:
 - Level 2.0 Dodging
 + Level 3.3 Stealth
 - Level 2.0 Spellcasting
 - Level 1.0 Transmutations
 + Level 4.0 Poison Magic


You had 4 spell levels left.
You knew the following spells:

 Your Spells              Type           Power      Damage    Failure   Level
a - Sting                 Tmut/Pois      40%        1d5       7%          1

Your spell library contained the following spells:

 Spells                   Type           Power      Damage    Failure   Level
 Poisonous Vapours        Pois/Air       16%        N/A       13%         2
 Mephitic Cloud           Conj/Pois/Air  6%         N/A       32%         3
 Olgreb's Toxic Radiance  Pois           15%        N/A       36%         4

Inventory:

Hand Weapons
 g - a +0 dagger (weapon) {short}
   (You took it off a goblin on level 1 of the Dungeon)
Jewellery
 d - a ring of see invisible (left tentacle)
   (You found it on level 1 of the Dungeon)
Scrolls
 c - a scroll of vulnerability {unknown}
 e - a scroll of teleportation {unknown}
Potions
 a - a potion of magic
 b - a potion of heal wounds {unknown}
 f - a potion of mutation {unknown}

Dungeon Overview and Level Annotations

Branches:
Dungeon (1/15) Zot: 5624

Altars:

#########.#
#..........
#$.........
#....[.....
#.......$..
######.........#
.....#.rrl.....#
.......@J......
####....g.....#
#.....$...... #
#...#####.$## ##
##.#.##### .# P#
#........# # P#
#........# ####
#........# .+.#
#........#


You could see an endoplasm, 2 quokkas, a hobgoblin and a frilled lizard.


Message History

MP[-1]
You lost 1 mp, and now have 0/3 mp.
Casting: Sting (safe; 8% risk of failure)
Confirm with . or Enter, or press ? or * to list all spells.
You don't have enough magic to cast this spell.
Casting: Sting (safe; 8% risk of failure)
Confirm with . or Enter, or press ? or * to list all spells.
You don't have enough magic to cast this spell.
A giant cockroach comes into view.
HP[+8] MP[+3]
Your hp is fully restored (11).
Your mp is fully restored (3).
A giant cockroach is nearby!
You see here a +0 ring mail.
A frilled lizard comes into view.
You hit the giant cockroach. You grab the giant cockroach.
You constrict the giant cockroach, but do no damage.
The giant cockroach closely misses you.
You hit the giant cockroach but do no damage.
You constrict the giant cockroach.
You kill the giant cockroach!
Your Stealth skill increases to level 3!
A goblin comes into view. It is wielding a +0 dagger.
The goblin shouts!
The frilled lizard hisses angrily.
You hit the frilled lizard.
You kill the frilled lizard!
Found a stone staircase leading down.
You hit the goblin. Your grab misses the goblin.
Your squeeze misses the goblin. The goblin misses you.
You barely miss the goblin. You grab the goblin. You constrict the goblin.
The goblin closely misses you. x2
You hit the goblin.
You kill the goblin!
No target in view!
No target in view!
No target in view!
No target in view!
No target in view!
e - a scroll labelled FATZICH GUDU
f - a clear potion You are now empty-tentacled.
g - a +0 dagger {short}
g - a +0 dagger (weapon)
{short} You are now empty-tentacled.
You drop a +0 dagger {short}.
g - a +0 dagger {short} You drop a +0 club {mace}.
g - a +0 dagger (weapon)
{short}
d - a ring of see invisible
d - a ring of see invisible (left tentacle)
You now have 10 gold pieces.
You now have 26 gold pieces (gained 16).
A quokka and a frilled lizard come into view.
There are monsters nearby!
There are monsters nearby!
A quokka comes into view. 2 ball pythons come into view.
A hobgoblin and an endoplasm come into view.
The ball python bites you. The ball python grabs you.
The ball python constricts you.
HP[-2]
You take 2 damage, and now have 9/11 hp.
You hit the ball python.
You kill the ball python!
The ball python barely misses you. The ball python closely misses you.
Your Poison Magic skill increases to level 4!
You have reached level 2!
HP[+4] MP[+2]
You now have 17 max hp (+6).
You regained 4 hp, and now have 13/17 hp.
Your mp is fully restored (5).
You hit the ball python. Your grab misses the ball python.
The ball python misses you. The ball python grabs you.
The ball python constricts you.
You hit the ball python.
You kill the ball python!
The endoplasm quivers.
The quokka closely misses you.
The frilled lizard hisses angrily.
You barely miss the quokka. You grab the quokka. You constrict the quokka.
The quokka closely misses you. The endoplasm hits you.
The frilled lizard closely misses you.
HP[-1]
You take 1 damage, and now have 12/17 hp.
You hit the quokka.
You squeeze the quokka, but do no damage.
You constrict the quokka, but do no damage.
The quokka barely misses you. The quokka bites you. The endoplasm freezes you.
You are frozen.
* * * LOW HITPOINT WARNING * * *
The frilled lizard bites you.
* * * LOW HITPOINT WARNING * * *
The hobgoblin barely misses you.
HP[-9]
You take 9 damage, and now have 3/17 hp.
MASSIVE DAMAGE!! (PAUSE)
You hit the quokka but do no damage. You grab the quokka.
You constrict the quokka, but do no damage. x2
The quokka completely misses you. The quokka bites you.
You die...

Skill      XL: |  1 |
---------------+----+-----
Stealth        | 3 |  3.3
Poison Magic   | 4 |  4.0
Dodging        | |  2.0
Spellcasting   | |  2.0
Transmutations | |  1.0

Action                   || total
-------------------------++-------
Melee: Club              ||     6
       Constrict         ||     4
       Dagger            ||     6
       Tentacles         ||     1
 Cast: Sting             ||     5
Dodge: Dodged            ||    13

Levels and vault maps discovered:
D:1:      psy_arrival_terrarium, layout_basic

Notes
Turn   | Place    | Note
-------+----------+-------------------------------------------
     0 | D:1      | zeratav the Octopode Venom Mage began the quest for the
                  | Orb.
     0 | D:1      | Reached XP level 1. HP: 11/11 MP: 3/3
     0 | D:1      | magus.rc [v1.9.6]
   316 | D:1      | Reached skill level 3 in Stealth
   369 | D:1      | Reached skill level 4 in Poison Magic
   369 | D:1      | Reached XP level 2. HP: 13/17 MP: 5/5
   374 | D:1      | HP: 3/17 [frilled lizard (2)]
   375 | D:1      | Slain by a quokka

Vanquished Creatures
  3 ball pythons (D:1)
  A giant cockroach (D:1)
  2 goblins (D:1)
  A frilled lizard (D:1)
7 creatures vanquished.

Table legend:
 A = Non-vault XP
 B = Vault XP
 C = Vault XP percentage of total XP
 D = Non-vault monster count
 E = Vault monster count
 F = Vault count percentage of total count
                 A         B        C        D         E       F
            +---------+---------+-------+---------+---------+-------
      Total |      13 |       0 |   0.0 |       7 |       0 |   0.0
            +---------+---------+-------+---------+---------+-------
        D:1 |      13 |       0 |   0.0 |       7 |       0 |   0.0
            +---------+---------+-------+---------+---------+-------

Illustrated notes

Table legend:
 A = Kills in this place as a percentage of kills in entire the game.
 B = Kills by you in this place as a percentage of kills by you in the entire game.
 C = Kills by friends in this place as a percentage of kills by friends in the entire game.
 D = Other kills in this place as a percentage of other kills in the entire game.
 E = Experience gained in this place as a percentage of experience gained in the entire game.
 F = Experience gained in this place divided by the number of levels of this place that you have seen.
                   A       B       C       D       E      F
               +-------+-------+-------+-------+-------+----------------------
         Total | 100.0 | 100.0 |   N/A |   N/A | 100.0 |  13.0
       Dungeon | 100.0 | 100.0 |   N/A |   N/A | 100.0 |  13.0
               +-------+-------+-------+-------+-------+----------------------

Table legend: (Time is in decaauts)
 A = Elapsed time spent in this place.
 B = Non-inter-level travel time spent in this place.
 C = Inter-level travel time spent in this place.
 D = Time resting spent in this place.
 E = Time spent auto-exploring this place.
 F = Levels seen in this place.
 G = Mean time per level.
                   A        B        C        D        E       F      G
               +--------+--------+--------+--------+--------+-----+--------+
         Total |    374 |    374 |      0 |      0 |    319 |   1 |  374.0 |
       Dungeon |    374 |    374 |      0 |      0 |    319 |   1 |  374.0 |
               +--------+--------+--------+--------+--------+-----+--------+

Top non-repeatable levels by time:
     D:1: 374 daAuts
